 Dungeon Crawl Stone Soup version 0.22-a0-605-g9281fa2 (webtiles) character file.

414 Gildeon the Sneak (level 6, -1/42 HPs)
             Began as an Octopode Fighter on July 8, 2018.
             Slain by Grinder (4 damage)
             ... while paralysed by Grinder
             ... on level 5 of the Dungeon.
             The game lasted 00:24:57 (3877 turns).

Gildeon the Sneak (Octopode Fighter)                Turns: 3877, Time: 00:24:58

Health: -1/42      AC:  1    Str: 16    XL:     6   Next: 91%
Magic:  6/6        EV:  2    Int: 10    God:
Gold:   133        SH:  0    Dex: 13    Spells: 5/5 levels left

rFire    . . .     SeeInvis .   a - +2 trident
rCold    + . .     Gourm    .   b - +1 shield
rNeg     . . .     Faith    .   (helmet restricted)
rPois    .         Spirit   .   (no amulet)
rElec    .         Reflect  .   j - ring of protection from cold
rCorr    .         Harm     .   (no ring)
MR       .....                  (no ring)
Stlth    ++++......             (no ring)
HPRegen  0.14/turn              (no ring)
MPRegen  0.10/turn              (no ring)
                                (no ring)
                                (no ring)

@: paralysed
A: almost no armour, stealthy swim, amphibious, 8 rings, constrict 8, camouflage
1, gelatinous body 1
a: no special abilities


You were on level 5 of the Dungeon.
You were hungry.

You visited 1 branch of the dungeon, and saw 5 of its levels.

You collected 133 gold pieces.

Inventory:

Hand Weapons
 a - a +2 trident (weapon)
Armour
 b - a +1 shield (worn)
Jewellery
 i - an uncursed ring of stealth {unknown}
 j - a ring of protection from cold (left tentacle)
Scrolls
 e - 3 scrolls of teleportation
 f - 4 scrolls of remove curse
 m - 3 scrolls of fog
Potions
 g - 5 potions of lignification
 h - a potion of magic
 k - 2 potions of agility {unknown}
 l - a potion of curing {unknown}
 n - 2 potions of heal wounds {unknown}
 o - a potion of brilliance {unknown}
 p - a potion of mutation {unknown}
Comestibles
 d - 4 rations


   Skills:
 - Level 3.0 Fighting
 + Level 4.3 Polearms
 + Level 4.9 Dodging
 + Level 5.4 Stealth
 - Level 3.0 Shields


You had 5 spell levels left.
You didn't know any spells.
Your spell library was empty.

Dungeon Overview and Level Annotations

Branches:
Dungeon (5/15)
 Temple: D:4-7

Altars:
Cheibriados
Fedhas
Hepliaklqana
Sif Muna
Uskayaw
Wu Jian
Yredelemnul

Shops:
D:4 ?

Annotations:
D:2 1 runed door
D:3 exclusion: 3 gnolls
D:5 Grinder


Innate Abilities, Weirdness & Mutations

You cannot wear most types of armour.
You are very stealthy in the water. (Stealth+)
You are amphibious.
You can wear up to eight rings at the same time.
You can use your tentacles to constrict eight enemies at once.
Your skin changes colour to match your surroundings (Stealth+).
Your rubbery body absorbs attacks. (AC +1, EV +1)


Message History

You hit Grinder but do no damage. You squeeze Grinder!
Grinder is severely wounded.
You constrict Grinder. Grinder gestures at you.
You resist with significant effort.
You hit Grinder but do no damage. You squeeze Grinder.
Grinder is almost dead.
You constrict Grinder. Grinder gestures at you.
You suddenly lose the ability to move!
You lose your grip on Grinder.
Grinder hits you.
You writhe in agony.
Grinder hits you.
You writhe in agony.
Grinder gestures at you. Pain shoots through your body! Grinder hits you!
* * * LOW HITPOINT WARNING * * *
Grinder hits you!
* * * LOW HITPOINT WARNING * * *
You writhe in agony.
You die...

###### #.# #.# #.#
#.# #####.##
##.###......###
..............#
...####.._....# ...#
#.....#.#
...####.....#.######
##..............@5.#
#..#.####.##.######
...... .......#
#..#. ######.## ..
..# #.# #.# ..


You could see Grinder.

Vanquished Creatures
  An ogre (D:4)
  A scorpion (D:5)
  A hound (D:4)
  An orc priest (D:4)
  An iguana (D:4)
  Robin (D:4)
  10 adders
  3 worms
  2 dart slugs
  4 leopard geckos
  4 orcs
  3 ball pythons
  A giant cockroach (D:2)
  13 goblins
  10 hobgoblins
  2 quokkas (D:3)
  8 bats
  3 frilled lizards
  5 kobolds
  A leopard gecko skeleton (D:4)
  4 rats
79 creatures vanquished.

Notes
Turn   | Place    | Note
-------+----------+-------------------------------------------
     0 | D:1      | Gildeon the Octopode Fighter began the quest for the Orb.
     0 | D:1      | Reached XP level 1. HP: 16/16 MP: 1/1
   391 | D:1      | Reached skill level 1 in Stealth
   392 | D:1      | Reached XP level 2. HP: 21/21 MP: 2/2
  1115 | D:2      | Reached skill level 2 in Stealth
  1115 | D:2      | Reached XP level 3. HP: 19/26 MP: 3/3
  1247 | D:2      | Found a hazy altar of Hepliaklqana.
  1314 | D:2      | Found a runed door.
  1444 | D:2      | Found an ornate altar of the Wu Jian Council.
  1636 | D:2      | Reached XP level 4. HP: 31/31 MP: 4/4
  1643 | D:2      | Reached skill level 3 in Stealth
  1764 | D:2      | Found a deep blue altar of Sif Muna.
  2096 | D:3      | Reached XP level 5. HP: 36/36 MP: 5/5
  2627 | D:3      | Found a hide-covered altar of Uskayaw.
  2875 | D:4      | Found a snail-covered altar of Cheibriados.
  3009 | D:4      | Reached skill level 4 in Stealth
  3144 | D:4      | Found a basalt altar of Yredelemnul.
  3239 | D:4      | Found Hiuh's Magic Scroll Boutique.
  3294 | D:4      | Noticed an ogre
  3398 | D:4      | Killed an ogre
  3398 | D:4      | Reached XP level 6. HP: 40/42 MP: 6/6
  3520 | D:4      | Noticed Robin
  3596 | D:4      | Killed Robin
  3675 | D:4      | Reached skill level 5 in Stealth
  3813 | D:5      | Entered Level 5 of the Dungeon
  3845 | D:5      | Found a blossoming altar of Fedhas.
  3861 | D:5      | Noticed Grinder
  3872 | D:5      | Paralysed by Grinder for 6 turns
  3877 | D:5      | Slain by Grinder

Vault maps used:
D:1:      dpeg_arrival_solitude
D:2:      lemuel_crystal_altar, lemuel_doored_altar,
          lemuel_coloured_pillars_altar, first_ration, uniq_crazy_yiuf_cottage
D:3:      lemuel_crystal_altar, minmay_three_crescents
D:4:      yredelemnul_altar_generic, kennysheep_slug_shrine, serial_shops, shop,
          uniq_robin
D:5:      minmay_temple_entry_poolview, basic_altar, uniq_grinder

Skill      XL: |  1  2  3  4  5  6 |
---------------+-------------------+-----
Stealth        | 1 2 3 4 5 |  5.4
Polearms       | 3 4 |  4.3
Dodging        | 4 |  4.9
Fighting       | |  3.0
Shields        | |  3.0

Action                   |  1- 3 |  4- 6 || total
-------------------------+-------+-------++-------
Melee: Trident           |    56 |   111 ||   167
       Constrict         |    13 |    30 ||    43
       Tentacles         |     7 |    21 ||    28
  Use: Scroll            |     6 |     7 ||    13
       Potion            |       |     2 ||     2
 Stab: Sleeping          |     5 |    15 ||    20
  Eat: Chunk             |     1 |     1 ||     2
       Ration            |     1 |     1 ||     2
Armor: Skin              |     3 |     6 ||     9
Dodge: Dodged            |    17 |    47 ||    64
Block: Shield            |    23 |    38 ||    61

Table legend:
 A = Spawn XP
 B = Non-spawn XP
 C = Spawn XP percentage of total XP
 D = Spawn monster count
 E = Non-spawn monster count
 F = Spawn count percentage of total count
 G = Total turns spent on level
                    A         B        C        D         E        F      G
               +---------+---------+-------+---------+---------+-------+---------
         Total |       0 |     592 |   0.0 |       0 |      79 |   0.0 |  3877
               +---------+---------+-------+---------+---------+-------+---------
           D:1 |       0 |      16 |   0.0 |       0 |      10 |   0.0 |   979
           D:2 |       0 |     119 |   0.0 |       0 |      17 |   0.0 |   898
           D:3 |       0 |      76 |   0.0 |       0 |      27 |   0.0 |   843
           D:4 |       0 |     309 |   0.0 |       0 |      24 |   0.0 |  1093
           D:5 |       0 |      72 |   0.0 |       0 |       1 |   0.0 |    64
               +---------+---------+-------+---------+---------+-------+---------
